 Dungeon Crawl Stone Soup version 0.31-a0-963-ga325b2283a (webtiles) character file.

Game seed: 7593296705617605028

225 Dordric the Changeling (level 5, -3/40 HPs)
             Began as a Draconian Shapeshifter on Oct 24, 2023.
             Slain by Grinder (6 damage)
             ... on level 3 of the Dungeon.
             The game lasted 00:01:27 (1930 turns).

Dordric the Changeling (Draconian Shapeshifter)     Turns: 1930, Time: 00:01:27

Health: -3/40      AC:  5    Str: 17    XL:     5   Next: 68%
Magic:  14/14      EV: 12    Int: 16    God:
Gold:   104        SH:  0    Dex: 12    Spells: 4/4 levels left

rFire   . . .        l - +1 scythe (vamp)
rCold   . . .        (shield currently unavailable)
rNeg    . . .        (body armour unavailable)
rPois   .            (helmet currently unavailable)
rElec   .            (cloak currently unavailable)
rCorr   .            (gloves currently unavailable)
SInv    .            (boots currently unavailable)
Will    .....        (no amulet)
Stlth   +            f - ring of magical power
HPRegen 0.26/turn    h - +6 ring of intelligence
MPRegen 0.14/turn

%: no passive effects
@: beast-form
A: beast (slay +3), AC +5, unfitting armour, cold-blooded
a: Begin Untransformation


You were on level 3 of the Dungeon.
You were a hulking beast.
You visited 1 branch of the dungeon, and saw 3 of its levels.

You collected 104 gold pieces.

Inventory:

Hand Weapons
 l - a +1 vampiric scythe (weapon)
Jewellery
 f - a ring of magical power (left hand)
 g - a ring of ice
 h - a +6 ring of intelligence (right hand)
 n - a ring of see invisible
Talismans
 b - a beast talisman
 c - a flux talisman
Wands
 m - a wand of flame (15)
Scrolls
 d - a scroll of identify {unknown}
 e - 2 scrolls of amnesia {unknown}
 k - a scroll of vulnerability {unknown}
 s - a scroll of noise {unknown}
 t - a scroll of summoning {unknown}
Potions
 a - a potion of lignification
 i - a potion of heal wounds {unknown}
 j - a potion of invisibility {unknown}
 o - 2 potions of mutation {unknown}
 p - 2 potions of curing {unknown}
 q - a potion of resistance {unknown}
 r - a potion of brilliance {unknown}
 u - a potion of magic {unknown}


   Skills:
 - Level 1.1 Fighting
 - Level 1.7 Dodging
 - Level 3.0 Unarmed Combat
 + Level 6.0 Shapeshifting


You had 4 spell levels left.
You didn't know any spells.
Your spell library contained the following spells:

 Spells                   Type           Power      Damage    Failure   Level
 Ignite Poison            Fire/Tmut/Pois 0%         N/A       58%         3
 Sticky Flame             Conj/Fire      0%         2d3       94%         4
 Ignition                 Fire           0%         3d3       100%        8


Dungeon Overview and Level Annotations

Branches:
Dungeon (3/15)

Altars:

Annotations:
D:3 Grinder


Innate Abilities, Weirdness & Mutations

You are a hulking beast.
Your limbs bulge with bestial killing power. (Slay +3)
Your plain brown scales are hard. (AC +5)
You cannot fit into any form of body armour.
You are cold-blooded and may be slowed by cold attacks.


Message History

You kill the endoplasm!
You slash the goblin!
You kill the goblin!
You closely miss Grinder. Grinder barely misses you.
Grinder completely misses you.
You barely miss Grinder. You tail-slap Grinder.
Grinder is lightly wounded.
Grinder hits you.
You writhe in agony.
You closely miss Grinder.
Grinder is lightly wounded.
Grinder hits you but does no damage. Grinder hits you!
You hit Grinder but do no damage.
Grinder is lightly wounded.
Grinder hits you.
You writhe in agony.
You are too injured to fight recklessly!
You are too injured to fight recklessly!
You are too injured to fight recklessly!
You are too injured to fight recklessly!
You are too injured to fight recklessly!
You are too injured to fight recklessly!
You are too injured to fight recklessly!
You are too injured to fight recklessly!
You are too injured to fight recklessly!
You are too injured to fight recklessly!
You are too injured to fight recklessly!
You are too injured to fight recklessly!
You are too injured to fight recklessly!
You are too injured to fight recklessly!
You are too injured to fight recklessly!
You are too injured to fight recklessly!
You hit Grinder.
Grinder is lightly wounded.
Grinder gestures at you. Pain shoots through your body!
* * * LOW HITPOINT WARNING * * *
Grinder hits you.
* * * LOW HITPOINT WARNING * * *
You writhe in agony.
You die...
Grinder says, "Now the real fun starts!"

#.. # #.# .# ..###### ##
#.. ..# #......##.. ##.#
#.> ##.......... #..#...
#........... ###..#.#
#........... #......#
#........... #.##<.# .#
#....)...... #.#..## .#
#...h5.?.... #...## .#
#........... ....####.#
##..........
†....##..#####......#...
...#..#.##.....###### ##
........##.#####
...........#
..#.###.#### #.#.# #.#


You could see Grinder.

Vanquished Creatures
  Sigmund (D:2)
  An adder (D:2)
  A dart slug (D:2)
  3 bats
  5 endoplasms
  6 giant cockroaches
  5 goblins
  5 hobgoblins
  2 quokkas
  9 ball pythons
  2 frilled lizards
  5 kobolds
  10 rats
55 creatures vanquished.

Notes
Turn   | Place    | Note
-------+----------+-------------------------------------------
     0 | D:1      | Dordric the Draconian Shapeshifter began the quest for the
                  | Orb.
     0 | D:1      | Reached XP level 1. HP: 16/16 MP: 1/1
   220 | D:1      | Reached XP level 2. HP: 20/23 MP: 2/2
   963 | D:2      | Reached skill level 4 in Shapeshifting
   984 | D:2      | Noticed Sigmund
   990 | D:2      | Killed Sigmund
   991 | D:2      | Reached skill level 5 in Shapeshifting
   991 | D:2      | Reached XP level 3. HP: 10/28 MP: 3/3
   991 | D:2      | Reached XP level 4. HP: 13/35 MP: 4/4
   991 | D:2      | Reached XP level 5. HP: 14/40 MP: 5/5
  1766 | D:2      | Reached skill level 6 in Shapeshifting
  1921 | D:3      | Noticed Grinder
  1930 | D:3      | Slain by Grinder

Illustrated notes

Levels and vault maps discovered:
D:1:      minmay_arrival_shoal_huts, layout_basic, serial_park_tiny_1
D:2:      minmay_razor_zed, layout_basic, minmay_liquid_box, uniq_sigmund
D:3:      layout_rooms, small_statue_alley_b, minmay_goblin_kobold_house,
          uniq_grinder

Skill      XL: |  1  2  3  4  5 |
---------------+----------------+-----
Shapeshifting  | 5 6 |  6.0
Fighting       | |  1.1
Dodging        | |  1.7
Unarmed Combat | |  3.0

Action                     |  1- 3 |  4- 6 || total
---------------------------+-------+-------++-------
  Melee: Unarmed           |    62 |     5 ||    67
         Tailslap          |     6 |     7 ||    13
         Punch             |     2 |       ||     2
         Halberd           |       |    51 ||    51
   Stab: Sleeping          |     1 |     1 ||     2
 Armour: Skin              |    24 |    28 ||    52
  Dodge: Dodged            |    35 |    36 ||    71

Table legend: (Time is in decaauts)
 A = Elapsed time spent in this place.
 B = Non-inter-level travel time spent in this place.
 C = Inter-level travel time spent in this place.
 D = Time resting spent in this place.
 E = Time spent auto-exploring this place.
 F = Levels seen in this place.
 G = Mean time per level.
                   A        B        C        D        E       F      G
               +--------+--------+--------+--------+--------+-----+--------+
         Total |   1962 |   1897 |     65 |    122 |   1477 |   3 |  654.0 |
       Dungeon |   1962 |   1897 |     65 |    122 |   1477 |   3 |  654.0 |
               +--------+--------+--------+--------+--------+-----+--------+

Top non-repeatable levels by time:
     D:2: 995 daAuts
     D:1: 906 daAuts
     D:3: 60 daAuts
